 Dungeon Crawl Stone Soup version 0.18.1-50-g88ac8fd (webtiles) character file.

14848 tognito the Cleaver (level 11, -6/107 HPs)
             Began as a Minotaur Berserker on Sept 24, 2016.
             Was a High Priest of Trog.
             Mangled by a war gargoyle
             ... wielding a +0 dire flail
              (27 damage)
             ... on level 12 of the Dungeon on Oct 1, 2016.
             The game lasted 00:49:45 (10719 turns).

tognito the Cleaver (Minotaur Berserker)           Turns: 10719, Time: 00:49:45

Health: -6/107     AC: 16    Str: 27    XL:     11   Next: 94%
Magic:  10/10      EV: 11    Int:  4    God:    Trog [*****.]
Gold:   762        SH:  0    Dex: 10    Spells: 0 memorised, 10 levels left

rFire  + . .     SeeInvis .     a - +3 battleaxe (elec)
rCold  . . .     Gourm    .     j - +2 chain mail {rF+}
rNeg   . . .     Faith    .     (shield currently unavailable)
rPois  .         Spirit   .     (helmet restricted)
rElec  .         Dismiss  .     (no cloak)
rCorr  .         Reflect  .     K - +0 pair of gloves
SustAt .         Harm     .     h - +1 pair of boots
MR     .....                    i - amulet of magic regeneration
Stlth  ..........               D - +2 ring of strength
                                F - ring of stealth

@: not resistant to hostile enchantments, extremely unstealthy
A: retaliatory headbutt, horns 2
a: Berserk, Trog's Hand, Brothers in Arms, Burn Spellbooks, Renounce Religion


You were on level 12 of the Dungeon.
You worshipped Trog.
Trog was extremely pleased with you.
You were not hungry.

You visited 1 branch of the dungeon, and saw 12 of its levels.
You also visited: Ossuary.

You collected 762 gold pieces.

Inventory:

Hand Weapons
 a - a +3 battleaxe of electrocution (weapon)
 b - a +0 arbalest
Missiles
 n - 97 bolts
 J - 3 steel javelins (quivered)
Armour
 h - a +1 pair of boots (worn)
 j - a +2 chain mail of fire resistance (worn)
 K - a +0 pair of gloves (worn)
Rods
 H - a +0 lightning rod (14/14)
   (You found it on level 7 of the Dungeon)
Jewellery
 i - an amulet of magic regeneration (around neck)
 p - an uncursed ring of fire
 t - an uncursed ring of see invisible
 D - a +2 ring of strength (right hand)
 F - a ring of stealth (left hand)
 P - an uncursed ring of flight
Wands
 k - a wand of paralysis (10/24)
 m - a wand of random effects (25/48)
 q - a wand of random effects (25/48)
 y - a wand of slowing (34/48)
 G - a wand of iceblast (9/15)
Scrolls
 d - 6 scrolls of identify
 e - 2 scrolls of teleportation
 l - 6 scrolls of magic mapping
 o - a scroll of fear
 r - 3 scrolls of enchant weapon
 s - 4 scrolls of fog
 E - 5 scrolls of remove curse
Potions
 f - 4 potions of curing
 v - a potion of flight
 x - a potion of cancellation
 z - 3 potions of might
 A - 2 potions of berserk rage
 B - 2 potions of heal wounds
 C - a potion of haste
Miscellaneous
 I - a stone of tremors
 M - a plain deck of wonders
Comestibles
 c - 9 bread rations
 g - 8 beef jerkies
 u - 9 slices of pizza
 w - 3 meat rations


   Skills:
 * Level 13.1 Fighting
 * Level 14.9 Axes
 + Level 3.4 Crossbows
 + Level 8.3 Armour
 + Level 7.1 Dodging
   Level 2.1 Shields


You had 10 spell levels left.
You didn't know any spells.

Dungeon Overview and Level Annotations

Branches:
Dungeon (12/15)            Temple (0/1) D:5            Lair (0/8) D:10
    Orc: D:9-12

Altars:
Ashenzari
Elyvilon
Kikubaaqudgha
Okawaru
Sif Muna
Trog
Vehumet
Zin
The Shining One

Shops:
D:7 %


Innate Abilities, Weirdness & Mutations

You reflexively headbutt those who attack you in melee.
You have a pair of horns on your head.


Message History

The war gargoyle is moderately damaged.
The war gargoyle hits you but does no damage.
The yaktaur shoots a bolt.
The bolt hits you.
Unknown command.
You hit the war gargoyle but do no damage.
You headbutt the war gargoyle, but do no damage.
The war gargoyle is moderately damaged.
The war gargoyle closely misses you.
The yaktaur shoots a bolt.
The bolt hits you!
* * * LOW HITPOINT WARNING * * *
You are too injured to fight recklessly!
You are too injured to fight recklessly!
Unknown command.
You are too injured to fight recklessly!
You hit the war gargoyle but do no damage.
You headbutt the war gargoyle, but do no damage.
The war gargoyle is moderately damaged.
The war gargoyle hits you but does no damage.
The war gargoyle hits you with a dire flail!!
You die...

#. .# , #. .#
######## +. .#
........ #. .#
........ #. .#
[....... #.#c#
######## #9.)#
##@## ##...# #
##....#
#############.....#
.#.).......#..(..##
.'.#.....#.'.#).##
.#.........#..)##
################


You could see a war gargoyle and a yaktaur.

Vanquished Creatures
  The ghost of Iflex the Spear-Bearer, a journeyman MfGl of Makhleb (D:11)
  A centaur warrior (D:12)
  The ghost of simples the Grappler, a novice DrTm of Xom (D:10)
  A skeletal warrior (D:12)
  2 hill giants
  A manticore (D:11)
  Psyche (D:8)
  A gargoyle (D:10)
  The ghost of Rakdos the Cudgeler, an amateur MiBe of Trog (D:4)
  Prince Ribbit (D:6)
  Grinder (D:3)
  A two-headed ogre (D:8)
  A shadow (D:12)
  A hog (D:7)
  A human (D:7)
  A yak (D:9)
  2 hippogriffs
  Eustachio (D:5)
  A hungry ghost (D:9)
  3 wargs (D:10)
  2 water moccasins
  3 black bears
  3 orc warriors
  4 sky beasts
  An eye of draining (D:8)
  2 necrophages
  A phantom (D:4)
  5 ogres
  A crocodile (D:8)
  6 centaurs
  2 big kobolds (D:9)
  2 giant frogs
  A gnoll sergeant (D:9)
  5 scorpions
  15 killer bees
  14 wights
  4 howler monkeys
  3 crimson imps
  The ghost of DungeonMaster the Ducker, a weakling SpGl (D:3)
  3 centaur zombies
  A giant frog zombie (D:7)
  7 hounds
  A gnoll shaman (D:9)
  5 orc priests
  9 orc wizards
  7 centaur skeletons
  3 giant frog skeletons
  5 iguanas
  Jessica (D:2)
  Terence (D:2)
  Natasha (thrice) (D:3)
  12 worker ants
  3 sheep (D:7)
  4 big kobold zombies (Ossuary)
  2 hound zombies
  2 hound skeletons
  A mummy (Ossuary)
  A howler monkey skeleton (D:9)
  12 adders
  12 gnolls (D:9)
  6 shadow imps
  An ooze (D:3)
  3 adder zombies
  A worm (D:4)
  2 dart slugs
  8 giant geckos
  43 orcs
  A spectral bat (Ossuary)
  6 giant cockroaches
  7 goblins
  17 hobgoblins
  10 jackals
  11 kobolds
  6 quokkas
  A ball python (D:2)
  A ball python skeleton (D:5)
  2 bats (D:1)
  3 bat simulacra (Ossuary)
  A giant gecko skeleton (D:5)
  5 giant newts
  8 gnoll zombies (Ossuary)
  6 goblin simulacra (Ossuary)
  5 goblin zombies (Ossuary)
  4 hobgoblin zombies (Ossuary)
  A jackal zombie (D:6)
  3 kobold simulacra (Ossuary)
  2 kobold zombies (Ossuary)
  5 orc zombies (Ossuary)
  4 rats
  3 rat simulacra (Ossuary)
  2 spectral goblins (Ossuary)
  2 spectral kobolds (Ossuary)
  A spectral rat (Ossuary)
  A plant (D:9)
376 creatures vanquished.

Vanquished Creatures (collateral kills)
  A gargoyle (D:11)
1 creature vanquished.

Vanquished Creatures (others)
  A wyvern (D:11)
  A hound (D:11)
  A hobgoblin zombie (Ossuary)
  An orc zombie (Ossuary)
  A plant (D:9)
5 creatures vanquished.

Grand Total: 382 creatures vanquished

Notes
Turn   | Place    | Note
--------------------------------------------------------------
     0 | D:1      | tognito the Minotaur Berserker began the quest for the Orb.
     0 | D:1      | Reached XP level 1. HP: 19/19 MP: 0/0
   229 | D:1      | Reached XP level 2. HP: 26/27 MP: 1/1
   428 | D:1      | Reached skill level 4 in Axes
   575 | D:1      | Reached XP level 3. HP: 32/33 MP: 2/2
   691 | D:1      | Reached ** piety under Trog
  1261 | D:2      | Noticed Jessica
  1266 | D:2      | Killed Jessica
  1266 | D:2      | Reached XP level 4. HP: 38/41 MP: 3/3
  1352 | D:2      | Found a faded altar to an unknown god.
  1379 | D:2      | Noticed Terence
  1389 | D:2      | Killed Terence
  1839 | D:3      | Noticed Grinder
  1840 | D:3      | Paralysed by Grinder for 5 turns
  1863 | D:3      | Killed Grinder
  1863 | D:3      | Reached skill level 5 in Fighting
  1863 | D:3      | Reached skill level 5 in Axes
  1863 | D:3      | Reached XP level 5. HP: 13/49 MP: 4/4
  1863 | D:3      | Reached XP level 6. HP: 15/56 MP: 5/5
  2222 | D:3      | Noticed Natasha
  2229 | D:3      | Killed Natasha
  2229 | D:3      | Reached skill level 6 in Axes
  2252 | D:3      | Noticed DungeonMaster's ghost (weakling SpGl)
  2256 | D:3      | Reached *** piety under Trog
  2272 | D:3      | Killed DungeonMaster's ghost
  2376 | D:3      | Found a radiant altar of Vehumet.
  2410 | D:3      | Noticed Natasha
  2419 | D:3      | Killed Natasha
  2419 | D:3      | Reached XP level 7. HP: 63/63 MP: 6/6
  2664 | D:3      | Noticed Natasha
  2672 | D:3      | Killed Natasha
  2808 | D:4      | Reached skill level 7 in Axes
  2978 | D:4      | Noticed Rakdos's ghost (amateur MiBe)
  3001 | D:4      | Killed Rakdos's ghost
  3001 | D:4      | Reached skill level 8 in Axes
  3001 | D:4      | Reached XP level 8. HP: 32/73 MP: 7/7
  3458 | D:4      | Reached skill level 5 in Dodging
  3696 | D:5      | Entered Level 5 of the Dungeon
  3822 | D:5      | Reached **** piety under Trog
  4022 | D:5      | Noticed Eustachio
  4053 | D:5      | Killed Eustachio
  4053 | D:5      | Reached skill level 1 in Shields
  4081 | D:5      | Found a staircase to the Ecumenical Temple.
  4850 | D:5      | Reached skill level 9 in Axes
  5253 | D:6      | Noticed Prince Ribbit
  5273 | D:6      | Killed Prince Ribbit
  5273 | D:6      | Reached skill level 5 in Armour
  5650 | D:6      | Reached XP level 9. HP: 76/82 MP: 8/8
  6154 | D:7      | Reached skill level 10 in Axes
  6712 | D:7      | Reached skill level 11 in Axes
  6715 | D:7      | Reached skill level 10 in Fighting
  6847 | D:7      | Found Wifeh's Food Emporium.
  6913 | D:8      | Found a sand-covered staircase.
  6917 | D:8      | Noticed Psyche
  6926 | D:8      | Killed Psyche
  6926 | D:8      | Reached XP level 10. HP: 77/93 MP: 9/9
  7004 | Ossuary  | Entered an ossuary
  7160 | Ossuary  | Gained mutation: You passively map a small area around you. [potion of beneficial mutation]
  7431 | D:8      | Found a deep blue altar of Sif Muna.
  7524 | D:8      | Reached ***** piety under Trog
  7542 | D:8      | Reached skill level 12 in Axes
  7819 | D:8      | Found a white marble altar of Elyvilon.
  7820 | D:8      | Gained mutation: Your magical capacity is low (-10% MP). [potion of mutation]
  7820 | D:8      | Gained mutation: You are resistant to hostile enchantments. [potion of mutation]
  7821 | D:8      | Found a glowing silver altar of Zin.
  7822 | D:8      | Found a glowing golden altar of the Shining One.
  7851 | D:8      | Found an ancient bone altar of Kikubaaqudgha.
  7858 | D:8      | Found a bloodstained altar of Trog.
  8198 | D:9      | Found a shattered altar of Ashenzari.
  8235 | D:9      | Received a gift from Trog
  8445 | D:9      | Received a gift from Trog
  8569 | D:9      | Reached skill level 13 in Axes
  9032 | D:10     | Entered Level 10 of the Dungeon
  9032 | D:10     | Noticed a gargoyle
  9035 | D:10     | Killed a gargoyle
  9075 | D:10     | Noticed simples's ghost (novice DrTm)
  9089 | D:10     | Killed simples's ghost
  9089 | D:10     | Reached XP level 11. HP: 92/104 MP: 8/8
  9182 | D:10     | Found a staircase to the Lair.
  9435 | D:10     | Found an iron altar of Okawaru.
  9708 | D:11     | Reached skill level 14 in Axes
  9742 | D:11     | Noticed Iflex's ghost (journeyman MfGl)
  9759 | D:11     | Killed Iflex's ghost
  9759 | D:11     | Reached skill level 1 in Crossbows
  9820 | D:11     | Noticed a hill giant
  9829 | D:11     | Killed a hill giant
 10455 | D:12     | Lost mutation: Your magical capacity is low (-10% MP). [potion of cure mutation]
 10455 | D:12     | Lost mutation: You passively map a small area around you. [potion of cure mutation]
 10455 | D:12     | Lost mutation: You are resistant to hostile enchantments. [potion of cure mutation]
 10510 | D:12     | Noticed a hill giant
 10515 | D:12     | Killed a hill giant
 10530 | D:12     | Noticed a skeletal warrior
 10539 | D:12     | Killed a skeletal warrior
 10709 | D:12     | Noticed a war gargoyle
 10709 | D:12     | Noticed a centaur warrior
 10714 | D:12     | Killed a centaur warrior
 10719 | D:12     | Mangled by a war gargoyle

Skill      XL: |  1  2  3  4  5  6  7  8  9 10 11 |
---------------+----------------------------------+-----
Fighting       | 4 5 6 7 8 10 11 13 | 13.1
Axes           | 4 5 6 8 9 11 13 14 | 14.9
Dodging        | 3 4 5 6 7 |  7.1
Armour         | 3 5 6 7 8 |  8.3
Shields        | 1 2 |  2.1
Crossbows      | 3 |  3.4

Action                   |  1- 3 |  4- 6 |  7- 9 | 10-12 || total
-------------------------+-------+-------+-------+-------++-------
Melee: Hand axe          |    64 |   102 |   349 |       ||   515
       Headbutt          |    14 |    16 |    71 |    79 ||   180
       Battleaxe         |       |       |    33 |   350 ||   383
       Broad axe         |       |       |       |    13 ||    13
 Fire: Arbalest          |       |       |       |    44 ||    44
Invok: Trog's Hand       |       |     2 |     3 |     1 ||     6
       Berserk           |       |     1 |     1 |       ||     2
       Burn Spellbooks   |       |       |     1 |     1 ||     2
       Brothers in Arms  |       |       |       |     1 ||     1
Evoke: Rod               |       |       |     1 |       ||     1
  Use: Potion            |     1 |     2 |     7 |     5 ||    15
       Scroll            |       |     8 |     5 |     8 ||    21
 Stab: Sleeping          |     1 |       |       |       ||     1
  Eat: Chunk             |     1 |     5 |    12 |     9 ||    27
       Meat ration       |       |       |     1 |     1 ||     2
       Fruit             |       |       |       |     1 ||     1
Armor: Animal skin       |     7 |     1 |       |       ||     8
       Scale mail        |       |     4 |       |       ||     4
       Chain mail        |       |    53 |   195 |   203 ||   451
Dodge: Dodged            |    43 |    57 |   155 |   208 ||   463
Block: Buckler           |       |     9 |    43 |       ||    52
